 Dungeon Crawl Stone Soup version 0.16-a0-3532-g139d762 (webtiles) character file.

576 Inkie the Slasher (level 7, -8/35 HPs)
             Began as a Vine Stalker Skald on Jan 7, 2015.
             Was an Initiate of Ashenzari.
             Mangled by an orc warrior
             ... wielding a +0 scimitar
              (14 damage)
             ... on level 6 of the Dungeon.
             The game lasted 00:28:09 (4451 turns).

Inkie the Slasher (Vine Stalker Skald)              Turns: 4451, Time: 00:28:09

Health: -8/35      AC:  7    Str: 15    XL:     7   Next: 35%
Magic:  0/14       EV: 11    Int: 14    God:    Ashenzari [......]
Gold:   167        SH:  0    Dex: 13    Spells: 1 memorised, 8 levels left

rFire  . . .     SeeInvis +     a - +0 falchion (curse)
rCold  . . .     Clarity  .     x - +2 robe {MR+} (curse)
rNeg   . . .     SustAb   .     (no shield)
rPois  .         Gourm    .     o - +2 helmet (curse)
rElec  .         Spirit   +     (no cloak)
rCorr  .         Warding  .     (no gloves)
rMut   .         Stasis   .     (no boots)
MR     +....                    (no amulet)
Stlth  +.........               y - ring of wizardry
                                l - ring of see invisible

@: very slightly contaminated, somewhat resistant to hostile enchantments, very
unstealthy
A: fangs 2, regeneration 2, magic shield, antimagic bite, no device heal 3, rot
immunity
a: Renounce Religion


You were on level 6 of the Dungeon.
You worshipped Ashenzari.
Ashenzari was noncommittal.
You were hungry.

You visited 2 branches of the dungeon, and saw 7 of its levels.
You also visited: Ossuary.

You collected 167 gold pieces.

Inventory:

Hand weapons
 a - a cursed +0 falchion (weapon)
Missiles
 n - 116 stones (quivered)
Armour
 f - a +0 shield
 o - a cursed +2 helmet (worn)
 x - a cursed +2 robe of magic resistance (worn)
Jewellery
 l - a ring of see invisible (left hand)
 y - a ring of wizardry (right hand)
Scrolls
 b - a scroll of fog {unknown}
 j - 3 scrolls of teleportation
 k - 2 scrolls of identify
 m - 2 scrolls of recharging
 p - a scroll of remove curse
 s - a scroll of amnesia
 w - 2 scrolls of magic mapping
Potions
 e - a potion of might
 r - a potion of brilliance
 t - a potion of invisibility
 u - 2 potions of haste
 v - 4 potions of flight
Books
 c - a book of Battle

   Spells                             Type                      Level
   a - Infusion                       Charms                       1
   b - Shroud of Golubria             Charms/Translocation         2
   c - Song of Slaying                Charms                       2
   d - Spectral Weapon                Hexes/Charms                 3
   e - Regeneration                   Charms/Necromancy            3
Comestibles
 d - 2 bread rations
 g - 2 beef jerkies
 i - 2 chunks of flesh
 q - a meat ration


   Skills:
 - Level 2.0 Fighting
 * Level 7.0 Long Blades
 - Level 1.0 Armour
 - Level 1.0 Dodging
 - Level 2.1 Spellcasting
 - Level 3.0 Charms


You had 8 spell levels left.
You knew the following spells:

 Your Spells              Type           Power        Failure   Level  Hunger
b - Shroud of Golubria    Chrm/Tloc      #.........   9%          2    ###....


Dungeon Overview and Level Annotations

Branches:
Dungeon (6/15)             Temple (1/1) D:6

Altars:
Ashenzari
Elyvilon
Gozag
Kikubaaqudgha
Makhleb
Nemelex Xobeh
Okawaru
Qazlal
Ru
Sif Muna
Trog
Vehumet
Xom
Yredelemnul
Zin
The Shining One

Shops:
D:6 %

Annotations:
D:5 Edmund


Innate Abilities, Weirdness & Mutations

You have extremely sharp teeth.
You heal very quickly.
When hurt, damage is shared between your health and your magic reserves.
Your bite disrupts and absorbs the magic of your enemies.
Potions and wands cannot restore your health.
You are immune to rotting.


Message History

You drain its power.
You feel invigorated.
The orc warrior is moderately wounded.
The orc warrior closely misses you.
You hit the orc warrior.
You bite the orc warrior, but do no damage.
The orc warrior is moderately wounded.
The orc warrior hits you with a scimitar!
Your shroud falls apart!
You hit the orc warrior but do no damage.
Your bite misses the orc warrior.
The orc warrior is moderately wounded.
You hit the orc warrior but do no damage.
You bite the orc warrior, but do no damage.
The orc warrior is moderately wounded.
The orc warrior hits you with a scimitar!!
* * * LOW HITPOINT WARNING * * *
You hit the orc warrior but do no damage.
The orc warrior is moderately wounded.
The orc warrior hits you with a scimitar!
You die...

∩#.........#.##.#.##.#
÷#......####.##.#.##.#
......)......##.#..#.#
##......###..##.##.#.#
#......# #..s...o>..#
##########.######..##
#<........o..#
####.#######.#
#.....@ooo#
###########


You could see an orc warrior and 2 orcs.

Vanquished Creatures
  A sky beast (D:5)
  A giant frog (D:6)
  A scorpion (D:6)
  A crimson imp (D:5)
  A centaur zombie (Ossuary)
  A hound (D:6)
  An iguana (D:4)
  An orc priest (D:6)
  A worker ant (D:6)
  An orc wizard (D:6)
  A killer bee zombie (D:6)
  Robin (D:2)
  3 adders
  A shadow imp (D:5)
  3 giant geckos
  11 orcs
  A ball python (D:3)
  4 giant cockroaches
  10 hobgoblins
  10 jackals
  9 kobolds
  8 bats
  2 giant newts
  20 goblins
  2 jackal zombies
  14 rats
110 creatures vanquished.

Notes
Turn   | Place    | Note
--------------------------------------------------------------
     0 | D:1      | Inkie, the Vine Stalker Skald, began the quest for the Orb.
     0 | D:1      | Reached XP level 1. HP: 11/11 MP: 3/3
    57 | D:1      | Reached skill level 1 in Dodging
    64 | D:1      | Reached XP level 2. HP: 6/15 MP: 3/5
   104 | D:1      | Reached skill level 1 in Armour
   439 | D:1      | Reached XP level 3. HP: 13/18 MP: 5/7
   806 | D:2      | Noticed Robin
   848 | D:2      | Killed Robin
   884 | D:2      | Learned a level 2 spell: Shroud of Golubria
  1033 | D:2      | Reached XP level 4. HP: 6/23 MP: 4/8
  2264 | D:3      | Found a sacrificial altar of Ru.
  2286 | D:3      | Found a radiant altar of Vehumet.
  2358 | D:4      | Reached skill level 4 in Long Blades
  2379 | D:4      | Found a sand-covered staircase.
  2387 | Ossuary  | Entered an ossuary
  2442 | Ossuary  | Reached XP level 5. HP: 5/26 MP: 2/11
  2700 | D:4      | Noticed an ogre
  3011 | D:4      | Found an opulent altar of Gozag.
  3154 | D:5      | Entered Level 5 of the Dungeon
  3199 | D:5      | Reached skill level 5 in Long Blades
  3365 | D:5      | Gained mutation: You heal very quickly. [vine stalker growth]
  3365 | D:5      | Reached XP level 6. HP: 26/30 MP: 12/12
  3573 | D:5      | Noticed a hippogriff
  3675 | D:5      | Noticed a sky beast
  3695 | D:5      | Killed a sky beast
  3728 | D:5      | Noticed Edmund
  3788 | D:6      | Found a staircase to the Ecumenical Temple.
  3797 | Temple   | Entered the Ecumenical Temple
  3887 | Temple   | Became a worshipper of Ashenzari the Shackled
  3936 | D:6      | Reached skill level 6 in Long Blades
  3978 | D:6      | Found an iron altar of Okawaru.
  4023 | D:6      | Found Trot's Food Boutique.
  4070 | D:6      | Reached XP level 7. HP: 23/35 MP: 5/14
  4304 | D:6      | Reached skill level 7 in Long Blades
  4451 | D:6      | Mangled by an orc warrior

Action                   |  1- 3 |  4- 6 |  7- 9 || total
-------------------------+-------+-------+-------++-------
Melee: Falchion          |   138 |   255 |   105 ||   498
Throw: Stone             |       |    25 |       ||    25
 Cast: Infusion          |     1 |       |       ||     1
       Shroud of Golubri |       |    16 |     7 ||    23
  Use: Potion            |       |     5 |     2 ||     7
       Scroll            |       |    19 |       ||    19
  Eat: Chunk             |       |     8 |       ||     8
       Meat ration       |       |     1 |       ||     1
